 Dungeon Crawl Stone Soup version 0.22-b1-26-g9dbaab1112 (webtiles) character file.

506765 IceCat the Hoplite (level 25, 0/160 HPs)
             Began as a Gargoyle Fighter on Aug 8, 2018.
             Was the Champion of Okawaru.
             Killed from afar by a lich (44 damage)
             ... with a crystal spear
             ... on level 4 of the Vaults.
             The game lasted 06:08:15 (56268 turns).

IceCat the Hoplite (Gargoyle Fighter)              Turns: 56268, Time: 06:08:15

Health: 0/160      AC: 62    Str: 33    XL:     25   Next: 38%
Magic:  28/32      EV:  8    Int: 15    God:    Okawaru [******]
Gold:   3744       SH: 28    Dex:  9    Spells: 35/42 levels left

rFire    + + .     SeeInvis .   F - +8 morningstar "Kudoj" {protect, Int+3}
rCold    + + .     Gourm    +   h - +2 large shield
rNeg     + . .     Faith    .   O - +0 gold dragon scales
rPois    ∞         Spirit   .   b - +0 hat of the Lives {MR+ rCorr Stlth+}
rElec    +         Reflect  .   E - +0 cloak {MR+}
rCorr    +         Harm     .   Z - +0 pair of gloves "Qokuzokh" {rPois rC++ Regen+ Str+4}
MR       +++..                  K - +0 pair of boots {run}
Stlth    ..........             i - amulet of the gourmand
HPRegen  0.76/turn              w - ring of fire
MPRegen  0.23/turn              a - +5 ring of protection

@: finesse, protection aura, quick
A: big wings, fangs 1, talons 1, molten scales 1, low mp 1, mutation resistance
1, negative energy resistance 1, electricity resistance, unbreathing,
petrification resistance, rot immunity, AC +19
}: 2/15 runes: serpentine, barnacled
a: Fly, Heroism, Finesse, Renounce Religion


You were on level 4 of the Vaults.
You worshipped Okawaru.
Okawaru was exalted by your worship.
You were full.

You visited 9 branches of the dungeon, and saw 43 of its levels.
You visited the Abyss 2 times.
You also visited: Sewer, Volcano and Wizlab.

You collected 4911 gold pieces.
You spent 1167 gold pieces at shops.

Inventory:

Hand Weapons
 n - a +5 demon trident
 F - the +8 morningstar "Kudoj" (weapon) {protect, Int+3}
   (Okawaru gifted it to you on level 15 of the Dungeon)

   It protects the one who uses it against injury (+AC on strike).
   It affects your intelligence (+3).
Armour
 b - the +0 hat of the Lives (worn) {MR+ rCorr Stlth+}
   (You acquired it on level 1 of the Snake Pit)

   It affects your resistance to hostile enchantments.
   It provides partial protection from all sources of acid and corrosion.
   It makes you more stealthy.
 d - the +0 hat of Xouwoch {+Blink rElec Slay+2 SInv Stlth-}
   (Okawaru gifted it to you on level 6 of the Lair of Beasts)

   It affects your accuracy and damage with ranged weapons and melee attacks
   (+2).
   It insulates you from electricity.
   It lets you see invisible.
   It lets you blink.
   It makes you less stealthy.
 h - a +2 large shield (worn)
 s - a scarf of resistance
 E - a +0 cloak of magic resistance (worn)
 K - a +0 pair of boots of running (worn)
 O - +0 gold dragon scales (worn)
 R - the +0 helmet "Jyiwkaev" {Int+7 Stlth+}
   (You found it on level 1 of the Elven Halls)

   It affects your intelligence (+7).
   It makes you more stealthy.
 Z - the +0 pair of gloves "Qokuzokh" (worn) {rPois rC++ Regen+ Str+4}
   (You bought it in a shop on level 4 of the Snake Pit)

   It affects your strength (+4).
   It greatly protects you from cold.
   It protects you from poison.
   It increases your rate of regeneration.
Jewellery
 a - a +5 ring of protection (right hand)
 i - an amulet of the gourmand (around neck)
 w - a ring of fire (left hand)
 B - a +5 amulet of reflection
 U - an uncursed amulet of faith
 V - an uncursed ring of protection from cold
 W - an uncursed ring of positive energy
Wands
 j - a wand of iceblast (12)
 o - a wand of scattershot (1)
 r - a wand of disintegration (33)
 J - a wand of clouds (6)
 L - a wand of acid (7)
 X - a wand of digging (21)
Scrolls
 g - 5 scrolls of fog
 k - 6 scrolls of summoning
 l - 19 scrolls of teleportation
 m - 9 scrolls of magic mapping
 u - 6 scrolls of enchant armour
 y - 9 scrolls of enchant weapon
 z - a scroll of silence
 D - a scroll of holy word
 G - 3 scrolls of fear
 I - 3 scrolls of identify
 M - 6 scrolls of blinking
 N - 19 scrolls of remove curse
 Y - a scroll of brand weapon
Potions
 c - a potion of cancellation
 e - 5 potions of might
 p - 3 potions of agility
 q - 6 potions of haste
 t - 3 potions of ambrosia
 x - 2 potions of invisibility
 A - 24 potions of curing
 C - 4 potions of brilliance
 P - 6 potions of heal wounds
 S - 3 potions of magic
 T - 2 potions of resistance
Miscellaneous
 v - a lamp of fire
 H - a lightning rod (4/4)
Comestibles
 f - 75 rations


   Skills:
 - Level 17.2 Fighting
 - Level 20.5 Maces & Flails
 - Level 21.0 Armour
 - Level 1.3 Dodging
 - Level 24.0 Shields
 - Level 9.4 Spellcasting
 - Level 3.2 Charms
 + Level 8.8 Necromancy
 - Level 6.8 Translocations
 - Level 1.3 Air Magic
 - Level 6.0 Invocations
 - Level 5.0 Evocations


You had 35 spell levels left.
You knew the following spells:

 Your Spells              Type           Power        Failure   Level  Hunger
a - Blink                 Tloc           N/A          9%          2    None
b - Regeneration          Chrm/Necr      ####......   22%         3    #......
c - Swiftness             Chrm/Air       ##......     47%         2    None

Your spell library contained the following spells:

 Spells                   Type           Power        Failure   Level  Hunger
 Cause Fear               Hex            #.........   100%        4    ###....
 Magic Dart               Conj           #...         65%         1    None
 Fireball                 Conj/Fire      ##........   100%        5    #####..
 Conjure Flame            Conj/Fire      ##......     95%         3    #......
 Bolt of Fire             Conj/Fire      ##........   100%        6    ######.
 Lightning Bolt           Conj/Air       #.........   100%        5    #####..
 Bolt of Magma            Conj/Fire/Erth ##........   100%        5    #####..
 Slow                     Hex            #.......     80%         2    None
 Confuse                  Hex            #.......     95%         3    #......
 Invisibility             Hex            #.......     100%        6    ######.
 Mephitic Cloud           Conj/Pois/Air  #.......     92%         3    #......
 Ring of Flames           Chrm/Fire      ###.......   100%        7    #######
 Summon Small Mammal      Summ           #...         65%         1    None
 Lehudib's Crystal Spear  Conj/Erth      #.........   100%        8    #######
 Fire Storm               Conj/Fire      ##........   100%        9    #######
 Pain                     Necr           ####         2%          1    None
 Animate Skeleton         Necr           N/A          2%          1    None
 Vampiric Draining        Necr           ####......   7%          3    #......
 Summon Ice Beast         Ice/Summ       #.......     100%        4    ###....
 Call Imp                 Summ           #.......     80%         2    None
 Poison Arrow             Conj/Pois      #.........   100%        6    ######.
 Tukima's Dance           Hex            #.......     95%         3    #......
 Corpse Rot               Necr           N/A          3%          2    None
 Iron Shot                Conj/Erth      #.........   100%        6    ######.
 Stone Arrow              Conj/Erth      #.....       95%         3    #......
 Shock                    Conj/Air       #...         56%         1    None
 Spider Form              Tmut/Pois      #.........   95%         3    #......
 Blade Hands              Tmut           #.........   100%        5    #####..
 Statue Form              Tmut/Erth      #........    100%        6    ######.
 Ice Form                 Ice/Tmut       #.......     100%        4    ###....
 Dragon Form              Tmut           #.........   100%        7    #######
 Deflect Missiles         Chrm/Air       ##........   100%        6    ######.
 Glaciate                 Conj/Ice       #.........   100%        9    #######
 Airstrike                Air            ##........   99%         4    ###....
 Confusing Touch          Hex            #.....       65%         1    None
 Passwall                 Tmut/Erth      #.......     80%         2    None
 Ignite Poison            Fire/Tmut/Pois ##......     95%         3    #......
 Sticks to Snakes         Tmut           #.......     80%         2    None
 Call Canine Familiar     Summ           #.......     95%         3    #......
 Ensorcelled Hibernation  Hex/Ice        #.....       80%         2    None
 Metabolic Englaciation   Hex/Ice        #.........   100%        5    #####..
 Silence                  Hex/Air        #.........   100%        5    #####..
 Static Discharge         Conj/Air       #.......     90%         3    #......
 Corona                   Hex            #......      65%         1    None
 Lee's Rapid Deconstruct  Erth           #.........   100%        5    #####..
 Sandblast                Erth           #.....       65%         1    None
 Chain Lightning          Conj/Air       #.........   100%        8    #######
 Petrify                  Tmut/Erth      #.......     100%        4    ###....
 Passage of Golubria      Tloc           N/A          50%         4    ###....
 Darkness                 Hex            #.........   100%        6    ######.
 Beastly Appendage        Tmut           #.....       65%         1    None
 Dazzling Spray           Conj/Hex       #.....       95%         3    #......
 Discord                  Hex            #.........   100%        8    #######
 Summon Lightning Spire   Summ/Air       #.......     100%        4    ###....
 Summon Guardian Golem    Hex/Summ       #.......     95%         3    #......
 Hydra Form               Tmut           #.........   100%        6    ######.
 Irradiate                Conj/Tmut      #.........   100%        5    #####..
 Gell's Gravitas          Tloc           ####......   17%         3    #......
 Yara's Violent Unravell  Hex/Tmut       #.........   100%        5    #####..
 Ignition                 Fire           ##........   100%        8    #######
 Borgnjor's Vile Clutch   Necr/Erth      ###.......   99%         5    #####..


Dungeon Overview and Level Annotations

Branches:
Dungeon (15/15)            Temple (1/1) D:5            Lair (6/6) D:11
 Shoals (4/4) Lair:4        Snake (4/4) Lair:2        Slime (0/5) Lair:5
    Orc (2/2) D:10            Elf (1/3) Orc:2        Vaults (5/5) D:13
  Crypt (0/3) Vaults:2     Depths (5/5) D:15            Zot (0/5) Depths:5

Altars:
Ashenzari
Cheibriados
Dithmenos
Elyvilon
Fedhas
Gozag
Hepliaklqana
Kikubaaqudgha
Makhleb
Nemelex Xobeh
Okawaru
Qazlal
Ru
Sif Muna
Trog
Uskayaw
Vehumet
Wu Jian
Xom
Yredelemnul
Zin
The Shining One
Beogh
Jiyva

Shops:
D:4 [   Orc:2 }*[%   Snake:1 *   Snake:4 [   Vaults:3 :   Vaults:4 }
Depths:2 [:[*

Portals:
Hell: Depths:1 Depths:2 Depths:3 Depths:4 Depths:5
Abyss: Depths:3 Depths:4
Pandemonium: Depths:1 Depths:3
Ziggurat: Depths:4
Trove: D:15 (give +6 demon trident)

Annotations:
D:12 Sonja
Lair:3 3 runed doors, Rauguz's ghost, journeyman TrFi
Lair:5 1 runed door


Innate Abilities, Weirdness & Mutations

You are resistant to torment.
Your stone body is resilient. (AC +19)
You are immune to poison.
Your large and strong wings let you fly indefinitely.
You resist negative energy. (rN+)
You are resistant to electric shocks. (rElec)
You can survive without breathing.
You are immune to petrification.
You are immune to rotting.
You have very sharp teeth.
You have sharp toenails.
You are partially covered in molten scales. (AC +2)
Your magical capacity is low. (-10% MP)
You are somewhat resistant to further mutation.


Message History

You closely miss the lich.
The lich is lightly damaged.
You hit the lich. Your bite misses the lich.
The lich is lightly damaged.
You block the lich's attack.
You closely miss the lich. Your bite misses the lich.
The lich is lightly damaged.
You closely miss the lich.
The lich is lightly damaged.
You block the lich's attack.
You sock the lich!
The lich is moderately damaged.
You closely miss the lich.
The lich is moderately damaged.
The lich closely misses you.
You bludgeon the lich!! You bite the lich, but do no damage.
The lich is severely damaged.
The lich casts a spell at you. The crystal spear hits you!
You die...

#...#....###....#....####..
#...#....#.#....#.....#####
#...#.###)..###.#.)....####
#...#..#.)...#..#.).......#
#...#.###...###.#.........#
#...#....#.#D)).#.........#
#...#....###[C[.#.........#
#...#....#.#D)[.#.........#
#...#..[..@LC...#.........#
#...########'####.........#
#.........................#
#.........................#
#.........................#
#.........................#
#.........................#
#........).................
#.....######'##....#######.


You could see a golden dragon, 2 stone giants and a lich.

Vanquished Creatures
  Mennas (Depths:2)
  2 ancient liches
  Sojobo (Vaults:3)
  Boris (Vaults:3)
  Saint Roka (Depths:4)
  Margery (Vaults:3)
  Vashnia (Snake:2)
  3 caustic shrikes (Depths:5)
  The ghost of Keulexze the Crack Shot, a veteran CeHu of Okawaru (Depths:2)
  Xtahua (Vaults:2)
  2 golden dragons (Depths:3)
  Jory (Vaults:3)
  Nikola (Vaults:1)
  A bone dragon (Abyss:4)
  A tentacled monstrosity (Vaults:5)
  A lich (Depths:2)
  Asterion (Vaults:3)
  A quicksilver dragon (Depths:5)
  A titan (Vaults:4)
  Polyphemus (Shoals:4)
  A tentacled starspawn (Abyss:4)
  6 tengu reavers
  2 sphinxes
  An ancient champion (WizLab)
  A kraken (Shoals:1)
  5 shadow dragons
  A daeva (Abyss:4)
  Roxanne (Snake:3)
  Ilsuiw (Shoals:3)
  10 nagarajas
  18 frost giants
  2 storm dragons (Depths:5)
  2 iron dragons
  10 fire giants
  A balrug (Depths:3)
  A draconian shifter (Depths:5)
  15 vault wardens
  Louise (D:14)
  A deep elf sorcerer (Depths:5)
  14 ironheart preservers
  A reaper (Depths:1)
  3 spriggan defenders
  11 very ugly things
  2 draconian annihilators (Depths:5)
  A green draconian (Depths:5)
  19 stone giants
  2 deep elf demonologists
  A black draconian (Depths:5)
  2 vampire knights (Depths:3)
  3 deep elf annihilators
  Azrael (Snake:3)
  A white draconian (Depths:5)
  A purple draconian (Depths:5)
  2 spark wasps (Depths:5)
  3 deep elf death magi
  6 merfolk javelineers
  2 crystal guardians (Vaults:4)
  Josephine (Orc:1)
  10 great orbs of eyes
  2 deep elf high priests
  12 yaktaur captains
  12 ettins
  4 merfolk impalers
  2 rakshasas
  11 fire dragons
  31 vault guards
  A monstrous demonspawn (Depths:1)
  2 alligator snapping turtles
  10 naga warriors
  Harold (D:8)
  17 ice dragons
  A hydra (shapeshifter) (Vaults:4)
  6 hydras
  15 anacondas
  Erica (D:8)
  4 catoblepae
  6 spriggan air magi
  6 centaur warriors
  42 two-headed ogres
  9 merfolk aquamancers
  5 tengu warriors
  9 deep troll shamans
  An alligator (shapeshifter) (Vaults:4)
  11 ogre magi
  18 death yaks
  4 merfolk avatars
  2 death knights
  A queen ant (shapeshifter) (Vaults:4)
  5 vampire magi
  4 deep troll earth magi
  9 naga sharpshooters
  4 spriggan berserkers
  6 dancing weapons (Elf:1)
  An orc high priest (Orc:1)
  14 hell knights
  4 thrashing horrors (Abyss:4)
  Nergalle (Lair:3)
  3 sun demons
  12 deep elf knights
  6 salamander mystics
  8 shock serpents
  3 shadow wraiths
  8 skeletal warriors
  5 sea snakes
  19 deep trolls
  5 iron trolls (Depths:4)
  2 naga ritualists (Snake:1)
  A flayed ghost (Depths:4)
  2 unseen horrors (D:15)
  2 glowing orange brains
  Pikel (D:8)
  4 deep elf archers
  14 ironbrand convokers
  9 orc knights
  2 starcursed masses (Abyss:4)
  3 phantasmal warriors
  16 wizards
  6 lindwurms
  A tengu zombie (Depths:3)
  8 harpies
  A frost giant zombie (Vaults:1)
  31 deep elf magi
  An orb spider (shapeshifter) (Vaults:4)
  18 mana vipers
  31 ugly things
  5 orc sorcerers
  14 fauns
  6 necromancers
  18 manticores
  4 cyclopes
  2 wolf spiders (Vaults:1)
  5 elephants
  A moth of wrath (shapeshifter) (Vaults:4)
  14 salamanders
  6 guardian serpents (Snake:4)
  21 naga magi
  11 merfolk sirens
  A guardian serpent (shapeshifter) (Depths:4)
  29 black mambas
  A frost giant skeleton (Depths:3)
  2 ice statues (Depths:2)
  A spriggan zombie (Depths:3)
  7 smoke demons
  2 gargoyles (D:15)
  A torpor snail (shapeshifter) (D:13)
  8 vault sentinels
  5 water nymphs
  A storm dragon simulacrum (Vaults:2)
  15 rime drakes
  5 spiny frogs
  41 yaktaurs
  A catoblepas zombie (Abyss:4)
  A tormentor (Abyss:4)
  4 ice devils (Depths:2)
  5 komodo dragons
  4 freezing wraiths
  3 tengu conjurers
  A komodo dragon (shapeshifter) (D:15)
  2 hellwings
  A red devil (Depths:1)
  A yaktaur skeleton (Vaults:2)
  12 trolls
  15 merfolk
  A jumping spider (shapeshifter) (Depths:5)
  A meliai (shapeshifter) (Depths:3)
  A wind drake (shapeshifter) (Depths:3)
  7 polar bears
  A hornet (shapeshifter) (Vaults:4)
  A polar bear (shapeshifter) (Vaults:2)
  2 wind drakes
  6 hornets
  A raiju (shapeshifter) (Vaults:4)
  25 blink frogs
  11 slime creatures
  16 hippogriffs
  9 snapping turtles
  21 dream sheep
  An air elemental (Elf:1)
  9 wyverns
  An elf skeleton (Depths:3)
  4 spriggans
  Sigmund (D:5)
  5 shadows
  A spriggan (shapeshifter) (Depths:2)
  9 wraiths
  A ynoxinul (Abyss:5)
  13 water elementals
  4 vampires (WizLab)
  3 basilisks
  7 fire bats (Volcano)
  40 yaks
  5 fire elementals
  7 hungry ghosts
  14 steam dragons
  6 large abominations
  2 vampire mosquitoes (D:12)
  A warg (Orc:2)
  33 nagas
  3 acid dragons
  5 two-headed ogre zombies (WizLab)
  13 water moccasins
  6 porcupines
  8 hell hounds
  Purgy (Sewer)
  An ogre skeleton (Vaults:1)
  2 sky beasts
  A hornet zombie (D:14)
  2 floating eyes
  31 orc warriors
  2 black bears
  3 phantoms
  An ice beast (D:8)
  A necrophage (D:12)
  12 boggarts
  An eye of draining (D:13)
  52 ogres
  12 wolves
  9 centaurs
  An orc skeleton (Vaults:2)
  15 crocodiles
  5 elf zombies (Elf:1)
  5 big kobolds
  A human zombie (Vaults:1)
  22 bullfrogs
  An earth elemental (Elf:1)
  4 gnoll sergeants
  4 scorpions
  8 troll zombies (WizLab)
  3 human simulacra
  5 killer bees (D:6)
  7 wights
  5 electric eels
  4 bullfrog zombies
  11 crimson imps
  5 howler monkeys
  4 jellies
  4 quasits
  4 centaur zombies
  8 hounds
  16 orc priests
  2 bullfrog skeletons
  2 iguanas
  2 iron imps
  20 orc wizards
  4 centaur skeletons
  3 gnoll shamans
  15 worker ants
  Terence (D:2)
  5 hell rats (Lair:1)
  7 ogre zombies (WizLab)
  4 hound zombies
  A hound skeleton (D:7)
  Robin (D:2)
  32 gnolls
  13 adders
  2 river rats (Lair:1)
  5 shadow imps
  An ufetubus (Depths:1)
  2 adder zombies
  An adder skeleton (D:9)
  6 leopard geckos
  92 orcs
  2 ball pythons
  4 bats
  7 giant cockroaches
  11 goblins
  18 hobgoblins
  14 jackals
  8 quokkas
  7 frilled lizards
  A giant cockroach zombie (D:5)
  A jackal zombie (D:6)
  22 kobolds
  12 rats
  A fire vortex (Depths:5)
  A tentacle (Shoals:1)
1890 creatures vanquished.

Vanquished Creatures (others)
  A blizzard demon (Depths:2)
  2 yaktaur captains
  A centaur warrior (Depths:1)
  2 naga sharpshooters
  2 deep elf knights
  2 deep elf archers
  2 fauns (Shoals:2)
  A black mamba (Snake:2)
  A spiny frog (Lair:4)
  10 yaktaurs
  A slave (D:8)
  A boggart (Vaults:3)
  An ogre (Vaults:4)
  6 centaurs
  2 orc priests
  An orc wizard (Vaults:3)
  9 orcs
  2 bushes (Elf:1)
  11 fungi
  2 lurking horrors
  10 plants
  8 starspawn tentacles
  9 tentacles
87 creatures vanquished.

Grand Total: 1977 creatures vanquished

Notes
Turn   | Place    | Note
-------+----------+-------------------------------------------
     0 | D:1      | IceCat the Gargoyle Fighter began the quest for the Orb.
     0 | D:1      | Reached XP level 1. HP: 14/14 MP: 1/1
   183 | D:1      | Reached XP level 2. HP: 14/19 MP: 2/2
  1076 | D:2      | Reached XP level 3. HP: 20/23 MP: 3/3
  1136 | D:2      | Reached skill level 1 in Dodging
  1258 | D:2      | Reached XP level 4. HP: 22/28 MP: 4/4
  1416 | D:2      | Noticed Terence
  1462 | D:2      | Killed Terence
  1462 | D:2      | Reached skill level 4 in Shields
  1716 | D:2      | Noticed Robin
  1752 | D:2      | Killed Robin
  1782 | D:2      | Reached XP level 5. HP: 8/32 MP: 5/5
  2424 | D:3      | Found a glowing drain.
  2488 | Sewer    | Entered a sewer
  2605 | Sewer    | Noticed Purgy
  2631 | Sewer    | Killed Purgy
  2631 | Sewer    | Reached XP level 6. HP: 29/37 MP: 4/6
  3345 | D:4      | Reached skill level 5 in Shields
  3762 | D:4      | Reached skill level 5 in Maces & Flails
  3762 | D:4      | Reached XP level 7. HP: 25/42 MP: 5/7
  4025 | D:4      | Found Ytiuziyp's Armour Shop.
  4132 | D:5      | Entered Level 5 of the Dungeon
  4226 | D:5      | Found a staircase to the Ecumenical Temple.
  4315 | Temple   | Entered the Ecumenical Temple
  4341 | Temple   | Became a worshipper of Warmaster Okawaru
  4593 | D:5      | Noticed Sigmund
  4645 | D:5      | Killed Sigmund
  4645 | D:5      | Reached XP level 8. HP: 41/48 MP: 6/8
  4746 | D:5      | Found a stormy altar of Qazlal.
  5342 | D:6      | Reached skill level 5 in Armour
  5349 | D:6      | Reached skill level 6 in Shields
  5367 | D:6      | Reached * piety under Okawaru
  5867 | D:6      | Reached XP level 9. HP: 20/53 MP: 5/9
  6021 | D:6      | Reached skill level 1 in Invocations
  6146 | D:6      | Reached ** piety under Okawaru
  6929 | D:7      | Found a hazy altar of Hepliaklqana.
  6989 | D:7      | Reached skill level 5 in Fighting
  7000 | D:7      | Reached skill level 7 in Shields
  7250 | D:4      | Bought a scarf of resistance for 384 gold pieces
  8324 | D:8      | Reached skill level 10 in Maces & Flails
  8324 | D:8      | Reached XP level 10. HP: 59/59 MP: 12/12
  8362 | D:8      | Noticed Harold
  8369 | D:8      | Reached *** piety under Okawaru
  8394 | D:8      | Killed Harold
  8394 | D:8      | Reached skill level 8 in Shields
  8574 | D:8      | Reached **** piety under Okawaru
  8576 | D:8      | Noticed Erica
  8605 | D:8      | Killed Erica
  8840 | D:8      | Noticed Pikel
  8880 | D:8      | Killed Pikel
  8880 | D:8      | Reached skill level 5 in Invocations
  8880 | D:8      | Reached XP level 11. HP: 64/64 MP: 14/14
  8905 | D:8      | Reached skill level 9 in Shields
  9142 | D:9      | Reached ***** piety under Okawaru
 10239 | D:10     | Entered Level 10 of the Dungeon
 10633 | D:10     | Found a staircase to the Orcish Mines.
 11266 | D:11     | Found a staircase to the Lair.
 11575 | D:11     | Reached skill level 10 in Shields
 12066 | D:12     | Received a gift from Okawaru
 12328 | D:12     | Reached XP level 12. HP: 64/72 MP: 16/16
 12361 | D:12     | Reached skill level 1 in Evocations
 12760 | D:12     | Noticed Sonja
 13195 | Lair:1   | Entered Level 1 of the Lair of Beasts
 13555 | Lair:1   | Noticed a five-headed hydra
 13570 | Lair:1   | Killed a five-headed hydra
 13713 | Lair:1   | Found a dark tunnel.
 13723 | Volcano  | Entered a volcano
 13773 | Volcano  | Reached ****** piety under Okawaru
 13932 | Volcano  | Noticed a two-headed ogre
 13951 | Volcano  | Killed a two-headed ogre
 13951 | Volcano  | Reached skill level 11 in Shields
 13969 | Volcano  | Received a gift from Okawaru
 13980 | Volcano  | Got a pair of scorched boots {god gift}
 13991 | Volcano  | Identified the +0 pair of boots "Amipp" {rPois} (Okawaru gifted it to you in a volcano)
 14202 | Volcano  | Noticed a fire dragon
 14241 | Volcano  | Killed a fire dragon
 14760 | Lair:2   | Reached XP level 13. HP: 78/78 MP: 17/17
 14837 | Lair:2   | Found a staircase to the Snake Pit.
 15209 | Lair:2   | Reached skill level 12 in Shields
 15301 | Lair:2   | Received a gift from Okawaru
 15345 | Lair:2   | Got a fine eveningstar {god gift}
 15346 | Lair:2   | Identified the +2 eveningstar of Qixaepur {crush, +Blink Dex+3} (Okawaru gifted it to you on level 2 of the Lair of Beasts)
 15974 | Lair:3   | Found a runed gate.
 15974 | Lair:3   | Found a runed gate.
 15974 | Lair:3   | Found a runed gate.
 16034 | Lair:3   | Noticed Nergalle
 16054 | Lair:3   | Killed Nergalle
 16191 | Lair:3   | Gained mutation: Your magical capacity is low. (-10% MP) [potion of mutation]
 16191 | Lair:3   | Gained mutation: Your flesh is cold resistant. (rC+) [potion of mutation]
 16191 | Lair:3   | Gained mutation: You have very sharp teeth. [potion of mutation]
 16443 | Lair:3   | Received a gift from Okawaru
 16444 | Lair:3   | Got a twisted scale mail {god gift}
 16455 | Lair:3   | Identified the +3 scale mail "Vaompel" {Dex+3} (Okawaru gifted it to you on level 3 of the Lair of Beasts)
 16632 | Lair:3   | Noticed Rauguz's ghost (journeyman TrFi)
 16786 | Lair:4   | Found a staircase to the Shoals.
 16789 | Lair:4   | Reached skill level 5 in Evocations
 16809 | Lair:4   | Reached skill level 15 in Maces & Flails
 17026 | Lair:4   | Gained mutation: Your large and strong wings let you fly indefinitely. [Gargoyle growth]
 17026 | Lair:4   | Reached XP level 14. HP: 51/86 MP: 16/16
 17301 | Lair:4   | Reached skill level 13 in Shields
 17670 | Lair:4   | Got an ichor-stained halberd
 17676 | Lair:4   | Identified the +5 halberd "Beceg" {chop, rPois Int+2} (You found it on level 4 of the Lair of Beasts)
 18488 | Lair:5   | Received a gift from Okawaru
 19207 | Lair:5   | Found a runed door.
 19208 | Lair:5   | Found a viscous altar of Jiyva.
 19211 | Lair:5   | Found a staircase to the Slime Pits.
 19324 | Lair:6   | Entered Level 6 of the Lair of Beasts
 19426 | Lair:6   | Reached skill level 10 in Fighting
 19647 | Lair:6   | Received a gift from Okawaru
 19679 | Lair:6   | Got a warped hat {god gift}
 19690 | Lair:6   | Identified the +0 hat of Xouwoch {+Blink rElec Slay+2 SInv Stlth-} (Okawaru gifted it to you on level 6 of the Lair of Beasts)
 19853 | Lair:6   | Reached XP level 15. HP: 83/93 MP: 17/17
 20005 | Lair:6   | Reached skill level 14 in Shields
 20598 | Orc:1    | Entered Level 1 of the Orcish Mines
 20959 | Orc:1    | Found a roughly hewn altar of Beogh.
 21142 | Orc:2    | Entered Level 2 of the Orcish Mines
 21153 | Orc:2    | Found a staircase to the Elven Halls.
 21704 | Orc:2    | Received a gift from Okawaru
 21897 | Orc:2    | Reached skill level 15 in Shields
 22028 | Orc:2    | Found Utennoaps's General Store.
 22028 | Orc:2    | Found Paph's Gadget Shop.
 22029 | Orc:2    | Found Wegh's Food Boutique.
 22029 | Orc:2    | Found Udet's Antique Armour Shoppe.
 22059 | Orc:2    | Bought a pair of dazzling boots for 199 gold pieces
 22069 | Orc:2    | Identified the +0 pair of boots of Oppeario {*Contam Str+3 Dex+2} (You bought it in a shop on level 2 of the Orcish Mines)
 22344 | Orc:1    | Noticed Josephine
 22376 | Orc:1    | Killed Josephine
 22655 | Elf:1    | Entered Level 1 of the Elven Halls
 22735 | Elf:1    | Reached XP level 16. HP: 97/101 MP: 18/18
 22756 | Elf:1    | Received a gift from Okawaru
 23051 | Elf:1    | Reached skill level 10 in Armour
 23119 | Elf:1    | Got an ichor-stained helmet
 23166 | Elf:1    | Reached skill level 16 in Shields
 23224 | Elf:1    | Found a magical portal.
 23237 | WizLab   | Entered Zonguldrok's Shrine
 23249 | WizLab   | Identified the cursed +0 helmet "Jyiwkaev" {Int+7 Stlth+} (You found it on level 1 of the Elven Halls)
 23497 | WizLab   | Noticed an ancient champion
 23516 | WizLab   | Killed an ancient champion
 23550 | WizLab   | Noticed an antique lich
 23551 | WizLab   | Cast into level 5 of the Abyss (an antique lich)
 23551 | Abyss:5  | Entered Level 5 of the Abyss
 23551 | Abyss:5  | Found a corrupted altar of Lugonu.
 23569 | Abyss:5  | Found a corrupted altar of Lugonu.
 23572 | Abyss:5  | Noticed a kraken
 23601 | Abyss:5  | Noticed a tentacled starspawn
 23611 | Abyss:5  | Noticed a bone dragon
 23676 | Abyss:5  | Noticed a tentacled starspawn
 23681 | Abyss:5  | Noticed a bone dragon
 23757 | WizLab   | Escaped the Abyss
 23769 | WizLab   | Killed an antique lich
 23794 | WizLab   | Found the +9 sword of Zonguldrok {reap}
 23939 | Elf:1    | Received a gift from Okawaru
 24215 | Elf:1    | Identified Adel's Disquisition on Evil
 24221 | Elf:1    | Learned a level 2 spell: Blink
 24225 | Elf:1    | Learned a level 3 spell: Regeneration
 24388 | Elf:1    | Received a gift from Okawaru
 24446 | Elf:1    | Reached skill level 1 in Spellcasting
 24508 | Elf:1    | Reached skill level 17 in Shields
 25033 | D:13     | Found a glowing silver altar of Zin.
 25383 | D:13     | Reached XP level 17. HP: 27/108 MP: 16/19
 25707 | D:13     | Found a gate to the Vaults.
 26631 | D:14     | Noticed Louise
 26652 | D:14     | Killed Louise
 27293 | D:15     | Entered Level 15 of the Dungeon
 27321 | D:15     | Found a staircase to the Depths.
 27329 | D:15     | Received a gift from Okawaru
 27377 | D:15     | Got a scorched morningstar {god gift}
 27378 | D:15     | Identified the +8 morningstar "Kudoj" {protect, Int+3} (Okawaru gifted it to you on level 15 of the Dungeon)
 27435 | D:15     | Found a portal to a secret trove of treasure.
 27567 | D:15     | Reached skill level 18 in Shields
 27729 | D:15     | Reached skill level 1 in Translocations
 28119 | Depths:1 | Entered Level 1 of the Depths
 28391 | Depths:1 | Found a one-way gate leading to the halls of Pandemonium.
 28691 | Depths:1 | Found a gateway to Hell.
 29372 | Depths:1 | Received a gift from Okawaru
 29618 | Depths:2 | Found Vufiyxt's Assorted Antiques.
 29632 | Depths:2 | Found Fayfoumy's Armour Boutique.
 29957 | Depths:2 | Paralysed by a floating eye for 2 turns
 29973 | Depths:2 | Reached XP level 18. HP: 116/116 MP: 20/20
 29989 | Depths:2 | Found Gamanir's Book Shoppe.
 30669 | Depths:2 | Reached skill level 19 in Shields
 30779 | Depths:2 | Found Vicw's Armour Shoppe.
 30893 | Depths:2 | Noticed a lich
 30907 | Depths:2 | Killed a lich
 30957 | Depths:2 | Received a gift from Okawaru
 31397 | Depths:2 | Noticed an ancient lich
 31413 | Depths:2 | Killed an ancient lich
 31657 | Depths:2 | Found a large runed door.
 31657 | Depths:2 | Found a large runed door.
 31661 | Depths:2 | Noticed Keulexze's ghost (veteran CeHu)
 31698 | Depths:2 | Killed Keulexze's ghost
 31750 | Depths:2 | Paralysed by a great orb of eyes for 5 turns
 32229 | Depths:3 | Noticed Mennas
 32398 | Depths:2 | Killed Mennas
 32398 | Depths:2 | Received a gift from Okawaru
 32398 | Depths:2 | Reached skill level 20 in Shields
 33056 | Depths:2 | Reached skill level 5 in Translocations
 33331 | Depths:2 | Reached XP level 19. HP: 103/122 MP: 21/21
 33546 | Depths:3 | Noticed a golden dragon
 33563 | Depths:3 | Killed a golden dragon
 33944 | Depths:3 | Received a gift from Okawaru
 33952 | Depths:3 | Lost mutation: Your flesh is cold resistant. (rC+) [potion of mutation]
 33952 | Depths:3 | Lost mutation: Your magical capacity is low. (-10% MP) [potion of mutation]
 33952 | Depths:3 | Gained mutation: You have sharp toenails. [potion of mutation]
 33952 | Depths:3 | Gained mutation: You are partially covered in molten scales. (AC +2) [potion of mutation]
 33952 | Depths:3 | Gained mutation: You are somewhat resistant to further mutation. [potion of mutation]
 33989 | Depths:3 | Identified a +0 pair of boots of running (Okawaru gifted it to you on level 3 of the Depths)
 34008 | Depths:3 | Gained mutation: Your magical capacity is low. (-10% MP) [mutagenic glow]
 34352 | Depths:3 | Reached skill level 21 in Shields
 34481 | Depths:3 | Reached skill level 15 in Fighting
 34939 | Depths:3 | Reached skill level 5 in Spellcasting
 35235 | Depths:3 | Received a gift from Okawaru
 35238 | Depths:3 | Got an ancient morningstar {god gift}
 35239 | Depths:3 | Identified the +1 morningstar of Ivoal {vamp, Dex+2} (Okawaru gifted it to you on level 3 of the Depths)
 35344 | Depths:3 | Found a one-way gate to the infinite horrors of the Abyss.
 35443 | Depths:4 | Noticed a Tzitzimitl
 35457 | Depths:4 | Noticed a golden dragon
 35750 | Depths:3 | Killed a golden dragon
 35915 | Depths:4 | Reached XP level 20. HP: 129/129 MP: 25/25
 35962 | Depths:4 | Noticed Saint Roka
 37036 | Depths:4 | Killed Saint Roka
 37173 | Depths:4 | Received a gift from Okawaru
 37211 | Depths:4 | Found a gateway to a ziggurat.
 37733 | Depths:4 | Reached skill level 22 in Shields
 38102 | Depths:5 | Entered Level 5 of the Depths
 38228 | Depths:5 | Received a gift from Okawaru
 38231 | Depths:5 | Got a transparent shield {god gift}
 38276 | Depths:5 | Identified the -8 shield of Starshine {SInv} (Okawaru gifted it to you on level 5 of the Depths)
 38562 | Depths:5 | Noticed a caustic shrike
 38565 | Depths:5 | Noticed a caustic shrike
 38568 | Depths:5 | Noticed a caustic shrike
 38589 | Depths:5 | Killed a caustic shrike
 38604 | Depths:5 | Killed a caustic shrike
 38617 | Depths:5 | Killed a caustic shrike
 39371 | Depths:5 | Reached XP level 21. HP: 118/136 MP: 28/28
 39446 | Depths:5 | Found a gate to the Realm of Zot.
 39598 | Depths:5 | Received a gift from Okawaru
 39770 | Depths:5 | Reached skill level 23 in Shields
 39840 | Depths:5 | Paralysed by a floating eye for 2 turns
 40554 | Snake:1  | Entered Level 1 of the Snake Pit
 41002 | Snake:1  | Found Nienioc's Assorted Antiques.
 41010 | Snake:1  | Bought a scroll of identify for 44 gold pieces
 41024 | Snake:1  | Identified a scroll of acquirement
 41188 | Snake:1  | Got a spiked hat
 41199 | Snake:1  | Identified the +0 hat of the Lives {MR+ rCorr Stlth+} (You acquired it on level 1 of the Snake Pit)
 42074 | Snake:2  | Noticed Vashnia
 42117 | Snake:2  | Killed Vashnia
 42481 | Snake:3  | Noticed Roxanne
 42517 | Snake:2  | Received a gift from Okawaru
 42529 | Snake:2  | Got a shimmering hunting sling {god gift}
 43061 | Snake:3  | Noticed Azrael
 43080 | Snake:3  | Killed Azrael
 43561 | Snake:3  | Killed Roxanne
 43562 | Snake:3  | Identified Roxanne's Collected Works on Earth (You took it off Roxanne on level 3 of the Snake Pit)
 43676 | Snake:4  | Entered Level 4 of the Snake Pit
 43766 | Snake:4  | Received a gift from Okawaru
 43767 | Snake:4  | Found the +3 sling "Punk" {acid, rCorr}
 43767 | Snake:4  | Reached skill level 24 in Shields
 43871 | Snake:4  | Found Cyushra's Armour Emporium.
 43877 | Snake:4  | Bought the cursed +0 pair of gloves "Qokuzokh" {rPois rC++ Regen+ Str+4} for 540 gold pieces
 44085 | Snake:4  | Reached XP level 22. HP: 136/142 MP: 30/30
 44293 | Snake:4  | Reached skill level 1 in Necromancy
 44546 | Snake:4  | Received a gift from Okawaru
 44856 | Snake:4  | Got a serpentine rune of Zot
 45052 | Shoals:1 | Entered Level 1 of the Shoals
 45429 | Shoals:1 | Reached skill level 1 in Charms
 46913 | Shoals:3 | Upgraded the game from 0.22-b1-21-g5cfc1688f2 to 0.22-b1-26-g9dbaab1112
 47136 | Shoals:3 | Noticed Ilsuiw
 47190 | Shoals:3 | Killed Ilsuiw
 47733 | Shoals:4 | Entered Level 4 of the Shoals
 47880 | Shoals:4 | Noticed Polyphemus
 47902 | Shoals:4 | Killed Polyphemus
 47976 | Shoals:4 | Received a gift from Okawaru
 48245 | Shoals:4 | Identified the Disquisition on Transmigration
 48250 | Shoals:4 | Learned a level 2 spell: Swiftness
 48570 | Shoals:4 | Reached XP level 23. HP: 100/149 MP: 32/32
 48723 | Shoals:4 | Got a barnacled rune of Zot
 48984 | Vaults:1 | Entered Level 1 of the Vaults
 49095 | Vaults:1 | Reached skill level 1 in Air Magic
 49211 | Vaults:1 | Got a faintly glowing garnet amulet
 49212 | Vaults:1 | Identified the amulet "Foiz" {RegenMP Slay+2} (You acquired it on level 1 of the Vaults)
 49873 | Vaults:1 | Received a gift from Okawaru
 49975 | Vaults:1 | Found a roughly hewn altar of Beogh.
 50078 | Vaults:1 | Noticed Nikola
 50096 | Vaults:1 | Killed Nikola
 50438 | Vaults:2 | Reached skill level 15 in Armour
 50480 | Vaults:2 | Found a staircase to the Crypt.
 50869 | Vaults:2 | Noticed Xtahua
 50881 | Vaults:2 | Killed Xtahua
 51852 | Vaults:3 | Received a gift from Okawaru
 51985 | Vaults:3 | Found Enot's Book Boutique.
 52003 | Vaults:3 | Noticed Asterion
 52032 | Vaults:3 | Killed Asterion
 52135 | Vaults:3 | Received a gift from Okawaru
 52227 | Vaults:3 | Reached XP level 24. HP: 88/156 MP: 31/32
 52261 | Vaults:3 | Got a faintly humming plate armour {god gift}
 52274 | Vaults:3 | Identified the +1 plate armour of the Evening Star {Str+5} (Okawaru gifted it to you on level 3 of the Vaults)
 52380 | Vaults:3 | Noticed Sojobo
 52395 | Vaults:3 | Cast into level 4 of the Abyss (Sojobo)
 52422 | Abyss:4  | Found a corrupted altar of Lugonu.
 52547 | Abyss:4  | Found a corrupted altar of Lugonu.
 52803 | Abyss:4  | Found an iron altar of Okawaru.
 52849 | Abyss:4  | Found an iron altar of Okawaru.
 52862 | Vaults:3 | Escaped the Abyss
 52870 | Vaults:3 | Killed Sojobo
 52954 | Vaults:3 | Noticed Jory
 52956 | Vaults:3 | Noticed Boris
 52976 | Vaults:3 | Killed Jory
 52983 | Vaults:3 | Killed Boris
 53001 | Vaults:3 | Noticed Margery
 53035 | Vaults:3 | Killed Margery
 54028 | Vaults:4 | Received a gift from Okawaru
 54425 | Vaults:4 | Found Libofoer's Gadget Boutique.
 55209 | Vaults:4 | Identified the +8 dagger of Descent {flame, *Drain +Blink Int+3} (You found it on level 4 of the Vaults)
 55485 | Vaults:5 | Entered Level 5 of the Vaults
 55625 | Vaults:4 | Received a gift from Okawaru
 55636 | Vaults:4 | Reached XP level 25. HP: 160/160 MP: 32/32
 55644 | Vaults:4 | Reached skill level 5 in Necromancy
 55705 | Vaults:5 | Noticed an ancient lich
 55887 | Vaults:5 | Noticed an ancient lich
 56268 | Vaults:4 | Killed from afar by a lich

Skill      XL: |  1  2  3  4  5  6  7  8  9 10 11 12 13 14 15 16 17 18 19 20 21 22 23 24 25 |
---------------+----------------------------------------------------------------------------+-----
Dodging        | 1 |  1.3
Shields        | 4 5 6 7 8 10 11 12 13 15 17 18 20 21 22 24 | 24.0
Maces & Flails | 3 4 5 6 8 10 11 13 14 15 16 17 18 19 20 | 20.5
Armour         | 4 5 6 7 8 9 10 11 12 13 17 21 | 21.0
Fighting       | 4 5 6 7 8 9 10 12 13 14 15 16 17 | 17.2
Invocations    | 3 5 6 |  6.0
Evocations     | 3 5 |  5.0
Spellcasting   | 1 3 5 6 8 9 |  9.4
Translocations | 2 5 6 |  6.8
Necromancy     | 3 4 8 |  8.8
Charms         | 2 3 |  3.2
Air Magic      | 1 |  1.3

Action                   |  1- 3 |  4- 6 |  7- 9 | 10-12 | 13-15 | 16-18 | 19-21 | 22-24 | 25-27 || total
-------------------------+-------+-------+-------+-------+-------+-------+-------+-------+-------++-------
Melee: Flail             |   149 |   360 |   769 |   280 |       |       |       |       |       ||  1558
       Mace              |       |       |       |   783 |   216 |       |       |       |       ||   999
       Morningstar       |       |       |       |   152 |       |   518 |  1858 |  2546 |   312 ||  5386
       Whip              |       |       |       |     8 |       |       |       |       |       ||     8
       Eveningstar       |       |       |       |       |  1039 |   933 |       |       |       ||  1972
       Bite              |       |       |       |       |   130 |   287 |   315 |   394 |    55 ||  1181
 Cast: Blink             |       |       |       |       |       |       |       |     1 |     2 ||     3
       Regeneration      |       |       |       |       |       |       |       |       |     5 ||     5
Invok: Heroism           |       |       |     1 |     9 |     6 |     7 |     5 |     4 |       ||    32
       Finesse           |       |       |       |     2 |     5 |    13 |     7 |    11 |     3 ||    41
 Abil: Fly               |       |       |       |       |     1 |     1 |     1 |       |       ||     3
       Evoke Blink       |       |       |       |       |       |     6 |     1 |       |       ||     7
       Stop Flying       |       |       |       |       |       |     1 |     1 |     1 |       ||     3
Evoke: Wand              |       |       |       |     4 |       |    23 |     4 |     5 |       ||    36
       Lamp of fire      |       |       |       |       |       |     1 |     1 |     1 |       ||     3
       Lightning rod     |       |       |       |       |       |       |     8 |    12 |       ||    20
  Use: Potion            |       |     2 |     2 |       |     1 |     2 |     4 |     1 |     1 ||    13
       Scroll            |       |       |    14 |     2 |    10 |     6 |    12 |     5 |       ||    49
 Stab: Petrified         |       |       |       |       |     6 |       |       |       |       ||     6
       Distracted        |       |       |       |       |       |     1 |       |       |       ||     1
  Eat: Chunk             |     1 |     9 |    29 |    95 |    70 |    91 |   129 |   202 |       ||   626
       Ration            |       |       |       |       |       |       |       |     1 |       ||     1
Armor: Scale mail        |   130 |    11 |       |       |       |       |       |       |       ||   141
       Chain mail        |       |   330 |    75 |       |       |       |       |       |       ||   405
       Plate armour      |       |       |   552 |   541 |   177 |       |       |       |       ||  1270
       Pearl dragon scal |       |       |       |       |   385 |   449 |    42 |       |       ||   876
       Gold dragon scale |       |       |       |       |       |       |   608 |   877 |   238 ||  1723
Dodge: Dodged            |    94 |   141 |   206 |   208 |   294 |   190 |   153 |   232 |    68 ||  1586
Block: Shield            |   119 |   244 |   509 |   822 |   806 |   407 |       |       |       ||  2907
       Reflection        |       |       |       |    33 |     6 |    79 |    94 |   180 |       ||   392
       Large shield      |       |       |       |       |       |   724 |  1854 |  2769 |   469 ||  5816
